 Dungeon Crawl Stone Soup version 0.24-a0-459-g225fefd530 (webtiles) character file.

Game seed: 1829034164404330228

19825 tsouns the Unseen (level 12, -5/71 HPs)
             Began as a Vampire Assassin on July 1, 2019.
             Was an Initiate of Gozag.
             Slain by a polar bear (6 damage)
             ... in an ice cave.
             The game lasted 00:35:29 (11313 turns).

tsouns the Unseen (Vampire Assassin)               Turns: 11313, Time: 00:35:29

Health: -5/71      AC: 13    Str: 11    XL:     12   Next: 40%
Magic:  21/21      EV: 16    Int: 17    God:    Gozag
Gold:   246        SH:  8    Dex: 19    Spells: 8/11 levels left

rFire    + . .     SeeInvis +   E - +2 dagger (pain)
rCold    + + .     Gourm    .   O - +2 buckler {rN+}
rNeg     + + +     Faith    .   i - +2 ring mail {rF+}
rPois    ∞         Spirit   .   g - +0 helmet
rElec    .         Reflect  .   c - +0 cloak
rCorr    .         Harm     .   l - +0 pair of gloves
MR       +....                  u - +0 pair of boots (curse)
Stlth    ++++++++..             q - amulet of regeneration
HPRegen  0.00/turn              h - ring of magical power
MPRegen  0.17/turn              v - +3 ring of intelligence

@: bloodless, regenerating quickly
A: no food, fangs 3, see invisible, unbreathing
a: Bat Form, Revivify, Potion Petition, Call Merchant, Bribe Branch, Renounce
Religion


You were in an ice cave.
You worshipped Gozag.
Gozag was aware of your devotion.
You were bloodless.

You visited 2 branches of the dungeon, and saw 12 of its levels.
You also visited: Gauntlet and Ice Cave.

You collected 3237 gold pieces.
You paid 2991 gold pieces to Gozag.

Inventory:

Hand Weapons
 a - a +3 dagger
 x - a +0 rapier
 E - a +2 dagger of pain (weapon)
 N - a +2 scimitar of holy wrath
Missiles
 d - 87 poisoned darts (quivered)
 m - 10 javelins
 r - 15 boomerangs
 w - a curare-tipped dart
Armour
 c - a +0 cloak (worn)
 g - a +0 helmet (worn)
 i - a +2 ring mail of fire resistance (worn)
 l - a +0 pair of gloves (worn)
 u - a cursed +0 pair of boots (worn)
 y - a +0 buckler
 L - the +2 helmet of the Leaf {-Tele +Fly rCorr Str+5}
   (You found it in a Gauntlet)

   It affects your strength (+5).
   It lets you fly.
   It prevents most forms of teleportation.
   It provides partial protection from all sources of acid and corrosion.
 O - a +2 buckler of positive energy (worn)
Jewellery
 h - a ring of magical power (left hand)
 q - an amulet of regeneration (around neck)
 v - a +3 ring of intelligence (right hand)
 z - an uncursed ring of magical power
 J - a +2 ring of evasion {unknown}
 M - a cursed ring of teleportation {unknown}
Wands
 e - a wand of digging (5)
 C - a wand of polymorph (12)
 K - a wand of flame (20)
Scrolls
 b - 3 scrolls of amnesia
 f - 3 scrolls of fog
 j - 4 scrolls of magic mapping
 o - 3 scrolls of immolation
 s - 8 scrolls of teleportation
 t - 2 scrolls of enchant weapon
 B - a scroll of random uselessness
 D - 5 scrolls of remove curse
 H - a scroll of silence {unknown}
 I - a scroll of identify
Potions
 k - a potion of degeneration
 n - 4 potions of resistance
 p - 3 potions of flight
 F - a potion of lignification
 G - a potion of brilliance
Miscellaneous
 A - a fan of gales (inert)


   Skills:
 + Level 6.7 Fighting
 - Level 10.0 Short Blades
 - Level 2.5 Throwing
 - Level 5.9 Armour
 + Level 7.8 Dodging
 + Level 17.4 Stealth
 - Level 4.0 Shields
 - Level 4.5 Hexes
 + Level 5.8 Necromancy


You had 8 spell levels left.
You knew the following spells:

 Your Spells              Type           Power        Failure   Level  Hunger
a - Confusing Touch       Hex            ###...       8%          1    N/A
b - Animate Skeleton      Necr           N/A          4%          1    N/A
c - Apportation           Tloc           #.....       45%         1    N/A

Your spell library contained the following spells:

 Spells                   Type           Power        Failure   Level  Hunger
 Ensorcelled Hibernation  Hex/Ice        #.....       30%         2    N/A
 Flame Tongue             Conj/Fire      #....        45%         1    N/A
 Sandblast                Erth           #.....       45%         1    N/A
 Summon Small Mammal      Summ           #...         45%         1    N/A
 Passwall                 Tmut/Erth      #.......     58%         2    N/A
 Throw Flame              Conj/Fire      #.....       58%         2    N/A
 Spider Form              Tmut/Pois      #.........   83%         3    N/A
 Stone Arrow              Conj/Erth      #.....       83%         3    N/A
 Force Lance              Conj/Tloc      #.......     99%         4    N/A
 Petrify                  Tmut/Erth      #.......     99%         4    N/A
 Borgnjor's Vile Clutch   Necr/Erth      #.........   99%         5    N/A
 Silence                  Hex/Air        #.........   99%         5    N/A
 Lee's Rapid Deconstruct  Erth           #.........   100%        5    N/A
 Darkness                 Hex            ###.......   100%        6    N/A
 Shadow Creatures         Summ           N/A          100%        6    N/A
 Haunt                    Necr/Summ      #.........   100%        7    N/A
 Infestation              Necr           ###.......   100%        8    N/A
 Borgnjor's Revivificati  Necr           Unusable     N/A         8    N/A
 Death's Door             Chrm/Necr      Unusable     N/A         8    N/A
 Necromutation            Tmut/Necr      Unusable     N/A         8    N/A

Dungeon Overview and Level Annotations

Branches:
Dungeon (10/15)            Temple (0/1) D:4            Lair (2/6) D:9
    Orc (0/2) D:9
  Swamp: Lair:2-4    Shoals: Lair:2-4     Snake: Lair:2-4    Spider: Lair:2-4

Altars:
Ashenzari
Cheibriados
Elyvilon
Fedhas
Gozag
Okawaru
Ru
Vehumet
Wu Jian
Zin
The Shining One

Annotations:
D:10 2 transporters, zkyp's ghost, novice TrAs
Lair:1 exclusion: oklob plant


Innate Abilities, Weirdness & Mutations

You do not eat.
You do not regenerate when monsters are visible.
You are frail without blood (-20% HP).
You are immune to poison.
You have razor-sharp teeth.
You have supernaturally acute eyesight. (SInv)
You can survive without breathing.


Message History

The polar bear is moderately wounded.
You hit the polar bear.
The polar bear writhes in agony.
You bite the polar bear.
You draw the polar bear's blood!
You feel better.
The polar bear is heavily wounded.
You block the polar bear's attack. The polar bear claws you.
* * * LOW HITPOINT WARNING * * *
You block the polar bear's attack.
You hit the polar bear.
The polar bear writhes in agony.
The polar bear is severely wounded.
You hit the polar bear.
The polar bear writhes in agony.
The polar bear is severely wounded.
The polar bear goes berserk!
You barely miss the polar bear.
The polar bear is severely wounded.
You hit the polar bear but do no damage.
You bite the polar bear, but do no damage.
The polar bear is severely wounded.
The polar bear bites you.
You die...
Your body crumbles into a pile of gold.

#
##..∩#
#∩.$##
####.##
##.##
##.##
##.##
##.##
##h##
##@#
###


You could see a polar bear (berserk).

Vanquished Creatures
  A minotaur (Gauntlet)
  A hydra (Lair:1)
  2 two-headed ogres
  A queen ant (Gauntlet)
  A centaur skeleton (D:10)
  Joseph (D:7)
  4 spiny frogs (Lair:1)
  A rime drake (Lair:1)
  3 komodo dragons
  A polar bear (IceCv)
  2 hornets (Gauntlet)
  2 trolls (D:9)
  6 hippogriffs
  4 shadows (Gauntlet)
  17 yaks
  A wyvern (D:9)
  A human (D:7)
  Eustachio (D:5)
  2 basilisks
  3 hogs (D:7)
  Grum (D:9)
  A hungry ghost (D:7)
  5 water moccasins
  An acid dragon (D:9)
  6 soldier ants (Gauntlet)
  9 ice beasts
  2 sky beasts
  2 orc warriors
  A phantom (D:8)
  A black bear (D:6)
  6 ogres
  A necrophage (D:10)
  4 wolves
  6 centaurs
  3 crocodiles
  5 big kobolds
  Blork the orc (D:4)
  10 bullfrogs
  3 scorpions
  4 killer bees (D:9)
  6 howler monkeys
  2 bullfrog zombies
  3 crimson imps
  5 hounds
  4 jellies
  2 bullfrog skeletons (D:10)
  2 orc priests
  8 orc wizards
  7 worker ants
  A killer bee zombie (D:10)
  2 hound skeletons (D:10)
  2 worker ant zombies
  4 gnolls (D:7)
  A howler monkey skeleton (D:8)
  13 adders
  2 shadow imps
  2 oozes
  4 adder skeletons
  A worm (D:2)
  5 dart slugs
  5 leopard geckos
  23 orcs
  A ball python (D:2)
  3 giant cockroaches
  6 goblins
  12 hobgoblins
  23 jackals
  8 quokkas
  A bat (D:2)
  6 frilled lizards
  27 kobolds
  A leopard gecko skeleton (D:6)
  2 leopard gecko zombies
  A quokka skeleton (D:6)
  8 rats
  A fungus (Gauntlet)
  A plant (Gauntlet)
332 creatures vanquished.

Vanquished Creatures (others)
  An orc (D:7)
  3 fungi (Lair:2)
  3 plants
  21 toadstools (Lair:1)
28 creatures vanquished.

Grand Total: 360 creatures vanquished

Notes
Turn   | Place    | Note
-------+----------+-------------------------------------------
     0 | D:1      | tsouns the Vampire Assassin began the quest for the Orb.
     0 | D:1      | Reached XP level 1. HP: 16/16 MP: 1/1
    79 | D:1      | Reached skill level 6 in Stealth
   100 | D:1      | Reached XP level 2. HP: 20/22 MP: 2/2
   857 | D:2      | Reached XP level 3. HP: 27/27 MP: 3/3
   896 | D:2      | Found an opulent altar of Gozag.
   922 | D:2      | Became a worshipper of Gozag Ym Sagoz the Greedy
   958 | D:2      | Found an iron altar of Okawaru.
  1062 | D:2      | Found a shattered altar of Ashenzari.
  1062 | D:2      | Found a glowing silver altar of Zin.
  1600 | D:2      | Found a sacrificial altar of Ru.
  1601 | D:2      | Found a glowing golden altar of the Shining One.
  1709 | D:3      | Reached skill level 7 in Stealth
  1709 | D:3      | Reached XP level 4. HP: 26/33 MP: 4/4
  1931 | D:3      | Reached skill level 1 in Armour
  1949 | D:3      | Found an ornate altar of the Wu Jian Council.
  2085 | D:3      | Reached XP level 5. HP: 31/31 MP: 5/5
  2218 | D:4      | Noticed an ogre
  2232 | D:4      | Killed an ogre
  2336 | D:4      | Reached XP level 6. HP: 30/36 MP: 6/6
  2356 | D:4      | Reached skill level 8 in Stealth
  2451 | D:4      | Noticed Blork the orc
  2825 | D:4      | Found a snail-covered altar of Cheibriados.
  2859 | D:4      | Killed Blork the orc
  2859 | D:4      | Reached XP level 7. HP: 37/41 MP: 7/7
  2939 | D:4      | Reached skill level 5 in Short Blades
  3041 | D:4      | Found a staircase to the Ecumenical Temple.
  3092 | D:5      | Entered Level 5 of the Dungeon
  3132 | D:5      | Noticed Eustachio
  3139 | D:5      | Killed Eustachio
  3139 | D:5      | Reached skill level 9 in Stealth
  3555 | D:5      | Reached XP level 8. HP: 47/47 MP: 8/8
  3887 | D:6      | Reached skill level 10 in Stealth
  3928 | D:6      | Found a white marble altar of Elyvilon.
  4843 | D:7      | Reached skill level 11 in Stealth
  4863 | D:7      | Reached XP level 9. HP: 24/51 MP: 9/9
  4888 | D:7      | Reached skill level 12 in Stealth
  5032 | D:7      | Reached skill level 5 in Armour
  5167 | D:7      | Noticed Joseph
  5194 | D:7      | Paralysed by Joseph for 4 turns
  5199 | D:7      | Killed Joseph
  5431 | D:7      | Reached skill level 13 in Stealth
  5433 | D:7      | Reached XP level 10. HP: 35/56 MP: 10/10
  5912 | D:8      | Noticed a two-headed ogre
  5913 | D:8      | Killed a two-headed ogre
  6809 | D:9      | Reached skill level 14 in Stealth
  6966 | D:9      | Found a staircase to the Orcish Mines.
  7118 | D:9      | Found a radiant altar of Vehumet.
  7156 | D:9      | Noticed Grum
  7168 | D:9      | Reached skill level 10 in Short Blades
  7263 | D:9      | Killed Grum
  7377 | D:9      | Reached skill level 15 in Stealth
  7679 | D:9      | Noticed a two-headed ogre
  7703 | D:9      | Killed a two-headed ogre
  7703 | D:9      | Reached XP level 11. HP: 28/60 MP: 11/11
  7883 | D:9      | Found a staircase to the Lair.
  7954 | D:9      | Learned a level 1 spell: Confusing Touch
  7956 | D:9      | Learned a level 1 spell: Animate Skeleton
  7958 | D:9      | Learned a level 1 spell: Apportation
  8109 | D:10     | Entered Level 10 of the Dungeon
  8156 | D:10     | Found a transporter.
  8156 | D:10     | Noticed zkyp's ghost (novice TrAs)
  8257 | D:10     | Reached skill level 5 in Dodging
  8360 | D:10     | Noticed a death knight
  8365 | D:10     | Found a transporter.
  8438 | D:10     | Reached skill level 1 in Hexes
  8496 | D:10     | Reached skill level 1 in Necromancy
  8540 | D:10     | Reached skill level 16 in Stealth
  9184 | D:10     | Noticed an orc knight
  9343 | Lair:1   | Entered Level 1 of the Lair of Beasts
  9399 | Lair:1   | Reached skill level 5 in Fighting
 10029 | Lair:1   | Found a blossoming altar of Fedhas.
 10048 | Lair:1   | Noticed an oklob plant
 10193 | Lair:1   | Noticed a seven-headed hydra
 10200 | Lair:1   | Killed a seven-headed hydra
 10208 | Lair:1   | Identified Camaca's Incunabulum of Excruciating Venom
 10644 | Lair:2   | Reached XP level 12. HP: 47/69 MP: 12/12
 10746 | Lair:2   | Found a gate leading to a gauntlet.
 10748 | Lair:2   | Found a frozen archway.
 10829 | Lair:2   | Reached skill level 17 in Stealth
 10846 | Gauntlet | Entered a Gauntlet
 10846 | Gauntlet | Found a transporter.
 10849 | Gauntlet | Noticed a queen ant
 10849 | Gauntlet | Found a transporter.
 10852 | Gauntlet | Found a transporter.
 10854 | Gauntlet | Found a transporter.
 10892 | Gauntlet | Killed a queen ant
 10894 | Gauntlet | Reached skill level 5 in Necromancy
 10943 | Gauntlet | Found a large runed translucent door.
 10945 | Gauntlet | Found a transporter.
 10948 | Gauntlet | Found a large runed translucent door.
 10953 | Gauntlet | Found a large runed translucent door.
 10953 | Gauntlet | Found a large runed translucent door.
 10953 | Gauntlet | Found a runed translucent door.
 10953 | Gauntlet | Found a runed translucent door.
 10953 | Gauntlet | Found a large runed translucent door.
 10954 | Gauntlet | Found a large runed translucent door.
 10954 | Gauntlet | Found a large runed translucent door.
 10954 | Gauntlet | Found a large runed translucent door.
 10955 | Gauntlet | Found a large runed translucent door.
 10956 | Gauntlet | Found a transporter.
 10956 | Gauntlet | Found a large runed translucent door.
 10964 | Gauntlet | Found a transporter.
 10977 | Gauntlet | Found a transporter.
 10994 | Gauntlet | Got a faintly glowing helmet
 11008 | Gauntlet | Found a transporter.
 11023 | Gauntlet | Found a large runed translucent door.
 11024 | Gauntlet | Found a large runed translucent door.
 11029 | Gauntlet | Found a transporter.
 11031 | Gauntlet | Found a transporter.
 11032 | Gauntlet | Noticed a minotaur
 11133 | Gauntlet | Killed a minotaur
 11137 | Gauntlet | Noticed a hell beast
 11187 | Gauntlet | Identified the +2 helmet of the Leaf {-Tele +Fly rCorr
                  | Str+5} (You found it in a Gauntlet)
 11207 | IceCv    | Entered an ice cave
 11307 | IceCv    | HP: 2/71 [polar bear (7)]
 11313 | IceCv    | Slain by a polar bear

Levels and vault maps discovered:
D:1:      dpeg_arrival_boxes_within_box, layout_basic, minmay_tromino_i2
D:2:      layout_loops_ring, nicolae_gozag_cash_rules_everything_around_me,
          minitemple, lemuel_crystal_altar, amethyst_overflow_temple_binary,
          first_ration
D:3:      layout_rooms, nicolae_overflow_hidden_temple, minmay_joined_circles
D:4:      layout_cave_pools, kennysheep_slug_shrine, temple_green,
          uniq_blork_the_orc
D:5:      layout_rooms, hex_large, serial_park_tiny_pond, uniq_eustachio
D:6:      layout_basic, old_standard_altar
D:7:      layout_basic, serial_curves, eino_curves_01, eino_curves_01,
          grunt_livestock, uniq_joseph
D:8:      layout_basic
D:9:      layout_rooms, lemuel_doored_altar, erik_lair_dragon, orc_0_dummy,
          uniq_grum
D:10:     layout_loops_corners, gammafunk_ghost_mausoleum,
          minmay_shattered_shrine
Lair:1:   cheibrodos_lair_river_kwai, layout_long_grid, tgw_fedhas
Lair:2:   layout_roguey, gauntlet_entry_generic,
          portal_ice_cave_entry_ice_beasts
IceCv:    ice_cave_caverns_03

Skill      XL: |  1  2  3  4  5  6  7  8  9 10 11 12 |
---------------+-------------------------------------+-----
Stealth        | 6 7 8 9 11 13 15 16 17 | 17.4
Fighting       | 2 3 5 6 |  6.7
Short Blades   | 3 4 5 7 9 10 | 10.0
Dodging        | 2 3 4 6 7 |  7.8
Armour         | 1 2 4 5 |  5.9
Shields        | 4 |  4.0
Throwing       | 2 |  2.5
Hexes          | 4 |  4.5
Necromancy     | 4 5 |  5.8

Action                   |  1- 3 |  4- 6 |  7- 9 | 10-12 || total
-------------------------+-------+-------+-------+-------++-------
Melee: Dagger            |   132 |   202 |   358 |  1275 ||  1967
       Bite              |     8 |    21 |    48 |   166 ||   243
Throw: Dart              |       |    22 |    21 |    23 ||    66
       Boomerang         |       |     1 |       |       ||     1
 Cast: Confusing Touch   |       |       |       |     9 ||     9
Invok: Potion Petition   |       |     1 |       |     6 ||     7
 Abil: Exsanguinate      |       |     1 |       |     1 ||     2
       Bat Form          |       |       |       |     1 ||     1
       Revivify          |       |       |       |     1 ||     1
Evoke: Wand              |       |       |     9 |     8 ||    17
       Fan of gales      |       |       |       |     1 ||     1
  Use: Scroll            |     7 |     1 |     8 |     7 ||    23
       Potion            |       |     3 |     3 |     4 ||    10
 Stab: Sleeping          |    11 |     9 |    18 |    48 ||    86
       Distracted        |     1 |       |     3 |    13 ||    17
       Paralysed         |       |       |       |     2 ||     2
       Invisible         |       |       |       |    15 ||    15
       Confused          |       |       |       |     6 ||     6
Armor: Robe              |     7 |       |       |       ||     7
       Ring mail         |    29 |    79 |    96 |   228 ||   432
Dodge: Dodged            |    66 |    94 |   122 |   435 ||   717
Block: Buckler           |       |       |    37 |   212 ||   249

Table legend:
 A = Non-vault XP
 B = Vault XP
 C = Vault XP percentage of total XP
 D = Non-vault monster count
 E = Vault monster count
 F = Vault count percentage of total count
                 A         B        C        D         E       F
            +---------+---------+-------+---------+---------+-------
      Total |   15589 |   12733 |  45.0 |     270 |      60 |  18.2
            +---------+---------+-------+---------+---------+-------
        D:1 |      35 |       3 |   7.9 |      20 |       2 |   9.1
        D:2 |      44 |       0 |   0.0 |      23 |       0 |   0.0
        D:3 |     112 |      12 |   9.7 |      17 |       6 |  26.1
        D:4 |     535 |     103 |  16.1 |      21 |       2 |   8.7
        D:5 |     505 |     197 |  28.1 |      13 |       1 |   7.1
        D:6 |     556 |       0 |   0.0 |      12 |       0 |   0.0
        D:7 |    2275 |    1406 |  38.2 |      28 |       6 |  17.6
        D:8 |    2127 |       0 |   0.0 |      27 |       0 |   0.0
        D:9 |    3207 |    1600 |  33.3 |      56 |       8 |  12.5
       D:10 |    2317 |     655 |  22.0 |      35 |       2 |   5.4
     Lair:1 |    2920 |    2565 |  46.8 |      13 |       7 |  35.0
     Lair:2 |     956 |    1025 |  51.7 |       5 |       8 |  61.5
      IceCv |       0 |     742 | 100.0 |       0 |       4 | 100.0
   Gauntlet |       0 |    4425 | 100.0 |       0 |      14 | 100.0
            +---------+---------+-------+---------+---------+-------
